 Dungeon Crawl Stone Soup version 0.31-a0-638-g26219f789d (webtiles) character file.

Game seed: 17673013230069329535

1157 MacCMillion the Arsonist (level 8, -2/46 HPs)
             Began as a Deep Elf Fire Elementalist on Aug 27, 2023.
             Was a Follower of Vehumet.
             Slain by Grinder (6 damage)
             ... on level 5 of the Dungeon.
             The game lasted 00:10:35 (5737 turns).

MacCMillion the Arsonist (DEFE)                     Turns: 5737, Time: 00:10:35

Health: -2/46      AC:  2    Str:  5    XL:     8   Next: 16%
Magic:  3/14       EV: 14    Int: 26    God:    Vehumet [*.....]
Gold:   228        SH:  0    Dex: 15    Spells: 6/13 levels left

rFire   . . .        k - +8 dagger of Kennar {flame, Int+3}
rCold   . . .        (no shield)
rNeg    . . .        a - +0 robe
rPois   +            (no helmet)
rElec   .            (no cloak)
rCorr   +            (no gloves)
SInv    .            (no boots)
Will    .....        u - amulet of magic regeneration
Stlth   ++           n - ring "Katah" {rPois rCorr}
HPRegen 0.27/turn    t - ring of wizardry
MPRegen 0.54/turn

%: wizardry (x1)
@: no status effects
A: no striking features
a: Renounce Religion


You were on level 5 of the Dungeon.
You worshipped Vehumet.
Vehumet was aware of your devotion.
You visited 2 branches of the dungeon, and saw 7 of its levels.

You collected 228 gold pieces.

Inventory:

Hand Weapons
 k - the +8 dagger of Kennar (weapon) {flame, Int+3}
   (You found it on level 3 of the Dungeon)

   Int+3:     It affects your intelligence (+3).
Missiles
 z - a throwing net
Armour
 a - a +0 robe (worn)
 m - a +0 buckler
Jewellery
 n - the ring "Katah" (left hand) {rPois rCorr}
   (You found it on level 3 of the Dungeon)

   [ring of resist corrosion]

   rPois:     It protects you from poison rCorr: It protects you from acid and
   corrosion.
 t - a ring of wizardry (right hand)
 u - an amulet of magic regeneration (around neck)
Wands
 g - a wand of charming (16)
 y - a wand of acid (7)
Scrolls
 c - 3 scrolls of teleportation {unknown}
 d - a scroll of vulnerability {unknown}
 f - 2 scrolls of enchant armour {unknown}
 j - a scroll of blinking {unknown}
 o - a scroll of fear {unknown}
 v - a scroll of identify {unknown}
 w - 2 scrolls of fog {unknown}
 A - a scroll of poison {unknown}
 C - a scroll of amnesia {unknown}
Potions
 b - 2 potions of magic
 e - a potion of mutation {unknown}
 h - 2 potions of haste {unknown}
 i - a potion of might {unknown}
 l - 3 potions of curing {unknown}
 p - 2 potions of attraction {unknown}
 q - 2 potions of enlightenment {unknown}
 r - a potion of heal wounds {unknown}
 s - a potion of ambrosia {unknown}
 x - a potion of experience {unknown}
 B - a potion of invisibility {unknown}


   Skills:
 + Level 3.5 Fighting
 + Level 6.0 Dodging
 - Level 2.7 Stealth
 - Level 3.2 Spellcasting
 - Level 3.0 Conjurations
 - Level 8.0 Fire Magic


You had 6 spell levels left.
You knew the following spells:

 Your Spells              Type           Power      Damage    Failure   Level
a - Foxfire               Conj/Fire      100%       2x1d9     1%          1
b - Scorch                Fire           90%        2d8       1%          2
c - Flame Wave            Conj/Fire      32%        2d9       4%          4

Your spell library contained the following spells:

 Spells                   Type           Power      Damage    Failure   Level
 Sandblast                Erth           8%         2d5       4%          1
 Inner Flame              Hex/Fire       24%        N/A       2%          3
 Volatile Blastmotes      Fire/Tloc      48%        2d14      2%          3
 Apportation              Tloc           8%         N/A       4%          1
 Alistair's Intoxication  Tmut/Pois      2%         N/A       67%         5


Dungeon Overview and Level Annotations

Branches:
Dungeon (6/15)             Temple (1/1) D:4

Altars:
Ashenzari
Cheibriados
Dithmenos
Elyvilon
Fedhas
Gozag
Hepliaklqana
Makhleb
Nemelex Xobeh
Okawaru
Qazlal
Ru
Sif Muna
Trog
Uskayaw
Vehumet
Wu Jian
Xom
Yredelemnul
Zin
The Shining One

Annotations:
D:5 Grinder


Message History

Confirm with . or Enter, or press ? or * to list all spells.
Flames lash the iguana.
The iguana is heavily wounded.
The iguana's fire resistance burns away.
Grinder hits you.
You writhe in agony.
Casting: Scorch (safe; 1% risk of failure)
Confirm with . or Enter, or press ? or * to list all spells.
Flames lash the iguana.
The iguana is burned terribly!
The iguana is almost dead.
Grinder gestures at you. You resist with some effort.
Casting: Scorch (safe; 1% risk of failure)
Confirm with . or Enter, or press ? or * to list all spells.
Flames lash the iguana.
The iguana is burned terribly!
You kill the iguana!
Vehumet accepts your kill. Grinder gestures at you.
Pain shoots through your body!
Casting: Scorch (safe; 1% risk of failure)
Confirm with . or Enter, or press ? or * to list all spells.
Flames lash the kobold.
You kill the kobold!
Vehumet accepts your kill. Grinder gestures at you.
You resist with some effort.
Your Dodging skill increases to level 6!
Grinder says, "FISH!"
Grinder hits you.
You writhe in agony.
* * * LOW HITPOINT WARNING * * *
You climb upwards.
There is a stone staircase leading down here.
Casting: Scorch (safe; 1% risk of failure)
Confirm with . or Enter, or press ? or * to list all spells.
Flames lash Grinder.
Grinder is burned terribly!
Grinder is almost dead.
Grinder hits you!
* * * LOW HITPOINT WARNING * * *
You writhe in agony.
You die...
Grinder says, "Now the real fun starts!"

#...[)))........#...........#
##.#..............#######....#
#..................# ######
##..................#
....#...............#
...##...............#
...##...............#
...##...............#
...###..........@..##
.................5##
...######...####### ...#
#......# ...# #......# ...#
#......# ...# #......# ####
#......# ########


You could see Grinder (combustible).

Vanquished Creatures
  Duvessa (D:4)
  A black bear (D:4)
  An ogre (D:4)
  A phantom (D:5)
  2 scorpions
  Dowan (D:4)
  A howler monkey (D:5)
  2 vampire bats (D:5)
  A hound (D:4)
  3 orc priests
  A gnoll bouda (D:5)
  3 iguanas
  3 orc wizards
  6 gnolls
  4 adders
  11 dart slugs
  13 orcs
  9 ball pythons
  15 bats
  4 endoplasms
  5 giant cockroaches
  4 goblins
  9 hobgoblins
  5 jackals
  7 kobolds
  2 quokkas
  5 frilled lizards
  7 rats
127 creatures vanquished.

Vanquished Creatures (collateral kills)
  A foxfire (D:3)
1 creature vanquished.

Vanquished Creatures (others)
  449 foxfires
449 creatures vanquished.

Grand Total: 577 creatures vanquished

Notes
Turn   | Place    | Note
-------+----------+-------------------------------------------
     0 | D:1      | MacCMillion the Deep Elf Fire Elementalist began the quest
                  | for the Orb.
     0 | D:1      | Reached XP level 1. HP: 10/10 MP: 6/6
   327 | D:1      | Reached XP level 2. HP: 15/15 MP: 4/8
   934 | D:1      | Learned a level 2 spell: Scorch
  1054 | D:2      | Reached XP level 3. HP: 19/19 MP: 4/9
  1146 | D:2      | Found a blossoming altar of Fedhas.
  1260 | D:2      | Reached skill level 4 in Fire Magic
  2234 | D:3      | Reached XP level 4. HP: 24/24 MP: 6/10
  2656 | D:3      | Reached skill level 5 in Fire Magic
  2656 | D:3      | Reached XP level 5. HP: 28/28 MP: 5/11
  2779 | D:3      | Identified the +8 dagger of Kennar {flame, Int+3}
  2986 | D:3      | Identified the ring "Katah" {rPois rCorr}
  3494 | D:3      | Reached skill level 6 in Fire Magic
  3632 | D:4      | Noticed Duvessa
  3632 | D:4      | Noticed Dowan
  3719 | D:4      | Found a staircase to the Ecumenical Temple.
  3785 | Temple   | Entered the Ecumenical Temple
  3818 | Temple   | Became a worshipper of Vehumet
  3828 | Temple   | Learned a level 4 spell: Flame Wave
  3979 | D:4      | Killed Duvessa
  3980 | D:4      | Reached XP level 6. HP: 32/32 MP: 4/12
  3982 | D:4      | Killed Dowan
  3983 | D:4      | Reached skill level 7 in Fire Magic
  4785 | D:4      | Reached skill level 8 in Fire Magic
  4785 | D:4      | Reached XP level 7. HP: 37/37 MP: 9/13
  4816 | D:4      | Reached skill level 1 in Fighting
  5118 | D:5      | Entered Level 5 of the Dungeon
  5176 | D:5      | Reached skill level 5 in Dodging
  5442 | D:5      | Reached * piety under Vehumet
  5442 | D:5      | Offered knowledge of Sandblast by Vehumet.
  5443 | D:5      | Reached XP level 8. HP: 46/46 MP: 10/14
  5725 | D:6      | Noticed Grinder
  5737 | D:5      | Slain by Grinder

Illustrated notes

Levels and vault maps discovered:
D:1:      scummos_arrival_gate, layout_basic, chequers_serial_rivers_marsh,
          minmay_pentomino_w2
D:2:      layout_loops_ring, basic_altar
D:3:      kennysheep_slugbush, layout_basic
D:4:      layout_basic, minmay_temple_entry_ruins, roderic_roman_lattice,
          uniq_duvessa
D:5:      layout_rooms, roderic_batcave
D:6:      layout_basic, uniq_jeremiah, uniq_grinder
Temple:   kilobyte_greek_temple

Skill      XL: |  1  2  3  4  5  6  7  8 |
---------------+-------------------------+-----
Conjurations   | 2 3 |  3.0
Fire Magic     | 4 5 6 8 |  8.0
Dodging        | 3 5 6 |  6.0
Fighting       | 3 |  3.5
Stealth        | |  2.7
Spellcasting   | |  3.2

Action                     |  1- 3 |  4- 6 |  7- 9 || total
---------------------------+-------+-------+-------++-------
   Cast: Foxfire           |   119 |   114 |    53 ||   286
         Scorch            |     3 |     5 |    26 ||    34
 Armour: Robe              |       |       |     2 ||     2
  Dodge: Dodged            |    10 |     2 |    10 ||    22

Table legend: (Time is in decaauts)
 A = Elapsed time spent in this place.
 B = Non-inter-level travel time spent in this place.
 C = Inter-level travel time spent in this place.
 D = Time resting spent in this place.
 E = Time spent auto-exploring this place.
 F = Levels seen in this place.
 G = Mean time per level.
                   A        B        C        D        E       F      G
               +--------+--------+--------+--------+--------+-----+--------+
         Total |   5748 |   5445 |    303 |   1127 |   3381 |   7 |  821.1 |
       Dungeon |   5678 |   5431 |    247 |   1127 |   3381 |   6 |  946.3 |
        Temple |     70 |     14 |     56 |      0 |      0 |   1 |   70.0 |
               +--------+--------+--------+--------+--------+-----+--------+

Top non-repeatable levels by time:
     D:3: 1525 daAuts
     D:4: 1478 daAuts
     D:2: 1128 daAuts
     D:1: 1042 daAuts
     D:5: 482 daAuts
  Temple: 70 daAuts
     D:6: 20 daAuts
